 Dungeon Crawl Stone Soup version 0.29-a0-371-g91724d5b39 (webtiles) character file.

Game seed: 16804715878216691348

109 spaghetti the Stinger (level 4, -8/32 HPs)
             Began as a Gnoll Venom Mage on May 2, 2022.
             Mangled by a black bear (11 damage)
             ... on level 4 of the Dungeon.
             The game lasted 00:06:28 (4194 turns).

spaghetti the Stinger (Gnoll Venom Mage)            Turns: 4194, Time: 00:06:29

Health: -8/32      AC:  4    Str:  7    XL:     4   Next: 90%
Magic:  3/11       EV: 13    Int: 16    God:
Gold:   128        SH:  0    Dex: 13    Spells: 7/13 levels left

rFire   . . .      SeeInvis .   o - +1 dagger (venom) {short}
rCold   . . .      Faith    .   (no shield)
rNeg    . . .      Spirit   .   a - +0 robe
rPois   .          Reflect  .   (no helmet)
rElec   .          Harm     .   (no cloak)
rCorr   .          Rampage  .   (no gloves)
Will    .....                   v - +1 pair of boots
Stlth   +++.......              (no amulet)
HPRegen 0.10/turn               (no ring)
MPRegen 0.12/turn               (no ring)

@: no status effects
A: fangs 1, strong nose, distributed training
a: no special abilities


You were on level 4 of the Dungeon.
You visited 2 branches of the dungeon, and saw 5 of its levels.

You collected 128 gold pieces.


Innate Abilities, Weirdness & Mutations

You have very sharp teeth.
Your uncanny sense of smell can sniff out nearby items.
Your experience applies equally to all skills.


   Skills:
 + Level 1.2 Fighting
 + Level 1.2 Short Blades
 + Level 1.2 Long Blades
 + Level 1.2 Axes
 + Level 1.2 Maces & Flails
 + Level 1.2 Polearms
 + Level 1.2 Staves
 + Level 1.2 Slings
 + Level 1.2 Bows
 + Level 1.2 Crossbows
 + Level 1.2 Throwing
 + Level 1.2 Armour
 + Level 4.7 Dodging
 + Level 4.3 Stealth
 + Level 1.2 Shields
 + Level 1.2 Unarmed Combat
 + Level 5.1 Spellcasting
 + Level 1.0 Conjurations
 + Level 1.0 Hexes
 + Level 1.0 Summonings
 + Level 1.0 Necromancy
 + Level 1.0 Translocations
 + Level 2.3 Transmutations
 + Level 1.0 Fire Magic
 + Level 1.0 Ice Magic
 + Level 1.0 Air Magic
 + Level 1.0 Earth Magic
 + Level 5.5 Poison Magic
 + Level 1.4 Invocations
 + Level 1.2 Evocations


You had 7 spell levels left.
You knew the following spells:

 Your Spells              Type           Power      Damage    Failure   Level
a - Sting                 Tmut/Pois      64%        1d6       3%          1
b - Poisonous Vapours     Pois/Air       28%        N/A       6%          2
c - Mephitic Cloud        Conj/Pois/Air  12%        N/A       16%         3

Your spell library contained the following spells:

 Spells                   Type           Power      Damage    Failure   Level
 Static Discharge         Conj/Air       7%         N/A       14%         2
 Olgreb's Toxic Radiance  Pois           21%        N/A       16%         4
 Dispel Undead            Necr           7%         3d8       67%         4
 Sticky Flame             Conj/Fire      7%         2d3       67%         4

Inventory:

Hand Weapons
 f - a +0 hand axe {axe}
   (You found it on level 1 of the Dungeon)
 o - a +1 dagger of venom (weapon) {short}
   (You took it off a kobold on level 2 of the Dungeon)
Missiles
 g - 155 stones (quivered) {throwing}
 s - 4 boomerangs {throwing}
 x - 5 poisoned darts {throwing}
Armour
 a - a +0 robe (worn)
 v - a +1 pair of boots (worn)
   (You found it on level 4 of the Dungeon)
Jewellery
 p - an amulet of faith {!P}
   (You found it on level 2 of the Dungeon)
 u - an amulet of guardian spirit
   (You found it on level 4 of the Dungeon)
Scrolls
 e - a scroll of noise {unknown}
 h - a scroll of fog {unknown}
 i - a scroll of torment {unknown}
 k - 3 scrolls of identify {unknown}
 q - a scroll of brand weapon {unknown}
 t - a scroll of silence {unknown}
 w - a scroll of summoning {unknown}
 y - a scroll of enchant armour {unknown}
Potions
 b - a potion of magic
 c - 3 potions of curing {unknown}
 d - a potion of berserk rage {unknown}
 j - a potion of might {unknown}
 l - a potion of heal wounds {unknown}
 m - a potion of lignification {unknown}
 n - a potion of attraction {unknown}
 r - a potion of cancellation {unknown}

Dungeon Overview and Level Annotations

Branches:
Dungeon (4/15)             Temple (1/1) D:4

Altars:
Ashenzari
Elyvilon
Gozag
Kikubaaqudgha
Okawaru
Qazlal
Sif Muna
Trog
Uskayaw
Vehumet
Wu Jian
Xom
Zin
The Shining One

##.......<.........#
............#...#..#
####...##...##.##..####.
...............##......
#..#...##...#.........
....#.###...#...#...###.
..#....##...#...........
##..................#
....#..........#@...#
.#....#########.#h..#
..#)..# ####.## ..#.#.#
.# ##..#.# # ......#
....### #####


You could see a black bear (berserk, extremely poisoned).


Message History

Casting: Sting (safe; 3% risk of failure)
Confirm with . or Enter, or press ? or * to list all spells.
Aiming: Sting (safe; 3% risk of failure)
Press: ? - help, Shift-Dir - straight line, f/p - black bear
Aim: a black bear (moderately wounded, poisoned, 81% to hit)
The sting hits the black bear.
The black bear looks even sicker.
The black bear bites you but does no damage.
The black bear claws you but does no damage.
The black bear misses you. 😎 MP[-1]
You lost 1 mp, and now have 9/11 mp.
Casting: Sting (safe; 3% risk of failure)
Confirm with . or Enter, or press ? or * to list all spells.
Aiming: Sting (safe; 3% risk of failure)
Press: ? - help, Shift-Dir - straight line, f/p - black bear
Aim: a black bear (moderately wounded, very poisoned, 81% to hit)
The sting hits the black bear.
The black bear looks even sicker.
The black bear closely misses you.
The black bear claws you but does no damage.
The black bear barely misses you. 😎 MP[-1]
You lost 1 mp, and now have 8/11 mp.
Casting: Sting (safe; 3% risk of failure)
Confirm with . or Enter, or press ? or * to list all spells.
Aiming: Sting (safe; 3% risk of failure)
Press: ? - help, Shift-Dir - straight line, f/p - black bear
Aim: a black bear (heavily wounded, very poisoned, 81% to hit)
The sting hits the black bear but does no damage.
The black bear looks as sick as possible!
The black bear bites you. The black bear claws you.
The black bear barely misses you. 😮 HP[-8] MP[-1]
You take 8 damage, and now have 24/32 hp.
MASSIVE DAMAGE!! (PAUSE)
You lost 1 mp, and now have 7/11 mp.
Casting: Sting (safe; 3% risk of failure)
Confirm with . or Enter, or press ? or * to list all spells.
Aiming: Sting (safe; 3% risk of failure)
Press: ? - help, Shift-Dir - straight line, f/p - black bear
Aim: a black bear (heavily wounded, extremely poisoned, 81% to hit)
The sting hits the black bear.
The black bear looks as sick as possible!
The black bear misses you.
The black bear claws you. x2 😮 HP[-3] MP[-1]
You take 3 damage, and now have 21/32 hp.
You lost 1 mp, and now have 6/11 mp.
Casting: Sting (safe; 3% risk of failure)
Confirm with . or Enter, or press ? or * to list all spells.
Aiming: Sting (safe; 3% risk of failure)
Press: ? - help, Shift-Dir - straight line, f/p - black bear
Aim: a black bear (heavily wounded, extremely poisoned, 81% to hit)
The sting hits the black bear.
The black bear looks as sick as possible!
The black bear goes berserk! 😮 MP[-1]
You lost 1 mp, and now have 5/11 mp.
Casting: Sting (safe; 3% risk of failure)
Confirm with . or Enter, or press ? or * to list all spells.
Aiming: Sting (safe; 3% risk of failure)
Press: ? - help, Shift-Dir - straight line, f/p - black bear
Aim: a black bear (severely wounded, berserk, extremely poisoned, 81% to hit)
The sting hits the black bear.
The black bear looks as sick as possible!
The black bear bites you. The black bear misses you.
The black bear closely misses you. The black bear bites you!
* * * LOW HITPOINT WARNING * * *
The black bear claws you.
* * * LOW HITPOINT WARNING * * *
The black bear claws you but does no damage. 😱 HP[-15] MP[-1]
You take 15 damage, and now have 6/32 hp.
MASSIVE DAMAGE!! (PAUSE)
You lost 1 mp, and now have 4/11 mp.
Casting: Sting (safe; 3% risk of failure)
Confirm with . or Enter, or press ? or * to list all spells.
Aiming: Sting (safe; 3% risk of failure)
Press: ? - help, Shift-Dir - straight line, f/p - black bear
Aim: a black bear (severely wounded, berserk, extremely poisoned, 81% to hit)
The sting hits the black bear but does no damage.
The black bear looks as sick as possible!
The black bear closely misses you. The black bear claws you.
* * * LOW HITPOINT WARNING * * *
The black bear claws you.
* * * LOW HITPOINT WARNING * * *
😱 HP[-3]
You take 3 damage, and now have 3/32 hp.
Unknown command.
Okay, then.
Okay, then.
You aren't carrying any items that you can evoke.
Unknown command.
Casting: Sting (safe; 3% risk of failure)
Confirm with . or Enter, or press ? or * to list all spells.
Aiming: Sting (safe; 3% risk of failure)
Press: ? - help, Shift-Dir - straight line, f/p - black bear
Aim: a black bear (almost dead, berserk, extremely poisoned, 81% to hit)
The sting hits the black bear but does no damage.
The black bear looks as sick as possible!
The black bear bites you!
You die...

Skill      XL: |  1  2  3  4 |
---------------+-------------+-----
Transmutations | 2 |  2.3
Spellcasting   | 5 |  5.1
Invocations    | 1 |  1.4
Fighting       | 1 |  1.2
Short Blades   | 1 |  1.2
Long Blades    | 1 |  1.2
Axes           | 1 |  1.2
Maces & Flails | 1 |  1.2
Polearms       | 1 |  1.2
Staves         | 1 |  1.2
Slings         | 1 |  1.2
Bows           | 1 |  1.2
Crossbows      | 1 |  1.2
Throwing       | 1 |  1.2
Armour         | 1 |  1.2
Shields        | 1 |  1.2
Unarmed Combat | 1 |  1.2
Evocations     | 1 |  1.2
Conjurations   | 1 |  1.0
Hexes          | 1 |  1.0
Summonings     | 1 |  1.0
Necromancy     | 1 |  1.0
Translocations | 1 |  1.0
Fire Magic     | 1 |  1.0
Ice Magic      | 1 |  1.0
Air Magic      | 1 |  1.0
Earth Magic    | 1 |  1.0
Dodging        | |  4.7
Stealth        | |  4.3
Poison Magic   | |  5.5

Action                   |  1- 3 |  4- 6 || total
-------------------------+-------+-------++-------
Melee: Hand axe          |    18 |       ||    18
       Bite              |     2 |       ||     2
       Punch             |     1 |       ||     1
Throw: Stone             |     4 |       ||     4
 Cast: Sting             |    59 |    36 ||    95
       Poisonous Vapours |    18 |     9 ||    27
Armor: Robe              |     8 |     5 ||    13
Dodge: Dodged            |    36 |    15 ||    51

Levels and vault maps discovered:
D:1:      lemuel_arrival_river_ford, layout_basic, shapermc_ecumenical_altar_gd
D:2:      layout_loops_ring
D:3:      layout_loops_corners
D:4:      layout_loops_ring, minmay_temple_entry_mini_moons, serial_shops, shop,
          minmay_misc_feat_rugged
Temple:   eino_temple_water

Notes
Turn   | Place    | Note
-------+----------+-------------------------------------------
     0 | D:1      | spaghetti the Gnoll Venom Mage began the quest for the Orb.
     0 | D:1      | Reached XP level 1. HP: 13/13 MP: 6/6
     0 | D:1      | magus.rc [v1.9.6]
   141 | D:1      | Reached skill level 2 in Transmutations
   241 | D:1      | You pick up a book of Touch and begin reading...
   241 | D:1      | You add the spells Static Discharge, Sticky Flame and
                  | Dispel Undead to your library.
   304 | D:1      | Reached XP level 2. HP: 10/19 MP: 2/7
   551 | D:1      | Found a faded altar of an unknown god.
   648 | D:1      | magus.rc [v1.9.6]
   691 | D:1      | Learned a level 2 spell: Poisonous Vapours
  1279 | D:1      | Reached XP level 3. HP: 25/25 MP: 7/9
  1283 | D:1      | Learned a level 3 spell: Mephitic Cloud
  1529 | D:2      | Reached skill level 5 in Spellcasting
  1682 | D:2      | Reached skill level 1 in Invocations
  2041 | D:2      | Reached skill level 1 in Fighting
  2041 | D:2      | Reached skill level 1 in Short Blades
  2041 | D:2      | Reached skill level 1 in Long Blades
  2041 | D:2      | Reached skill level 1 in Axes
  2041 | D:2      | Reached skill level 1 in Maces & Flails
  2041 | D:2      | Reached skill level 1 in Polearms
  2041 | D:2      | Reached skill level 1 in Staves
  2041 | D:2      | Reached skill level 1 in Slings
  2041 | D:2      | Reached skill level 1 in Bows
  2041 | D:2      | Reached skill level 1 in Crossbows
  2041 | D:2      | Reached skill level 1 in Throwing
  2041 | D:2      | Reached skill level 1 in Armour
  2041 | D:2      | Reached skill level 1 in Shields
  2041 | D:2      | Reached skill level 1 in Unarmed Combat
  2041 | D:2      | Reached skill level 1 in Evocations
  2131 | D:2      | Reached XP level 4. HP: 27/32 MP: 4/11
  3044 | D:3      | Reached skill level 1 in Conjurations
  3044 | D:3      | Reached skill level 1 in Hexes
  3044 | D:3      | Reached skill level 1 in Summonings
  3044 | D:3      | Reached skill level 1 in Necromancy
  3044 | D:3      | Reached skill level 1 in Translocations
  3044 | D:3      | Reached skill level 1 in Fire Magic
  3044 | D:3      | Reached skill level 1 in Ice Magic
  3044 | D:3      | Reached skill level 1 in Air Magic
  3044 | D:3      | Reached skill level 1 in Earth Magic
  3493 | D:3      | You fall into a shaft and drop 1 floor!
  3862 | D:4      | Found a staircase to the Ecumenical Temple.
  3871 | Temple   | Entered the Ecumenical Temple
  4185 | D:4      | Noticed a black bear
  4192 | D:4      | HP: 6/32 [black bear (6)]
  4194 | D:4      | Mangled by a black bear

Vanquished Creatures
  An iguana (D:3)
  2 adders (D:2)
  A worm (D:2)
  4 dart slugs
  An orc (D:3)
  6 endoplasms
  2 giant cockroaches
  5 goblins
  4 hobgoblins
  2 jackals (D:1)
  6 kobolds
  A quokka (D:1)
  3 ball pythons
  5 bats
  3 frilled lizards
  4 rats
50 creatures vanquished.

Table legend:
 A = Non-vault XP
 B = Vault XP
 C = Vault XP percentage of total XP
 D = Non-vault monster count
 E = Vault monster count
 F = Vault count percentage of total count
                 A         B        C        D         E       F
            +---------+---------+-------+---------+---------+-------
      Total |     157 |       0 |   0.0 |      50 |       0 |   0.0
            +---------+---------+-------+---------+---------+-------
        D:1 |      34 |       0 |   0.0 |      20 |       0 |   0.0
        D:2 |      59 |       0 |   0.0 |      18 |       0 |   0.0
        D:3 |      54 |       0 |   0.0 |       8 |       0 |   0.0
        D:4 |      10 |       0 |   0.0 |       4 |       0 |   0.0
            +---------+---------+-------+---------+---------+-------

Illustrated notes

Table legend:
 A = Kills in this place as a percentage of kills in entire the game.
 B = Kills by you in this place as a percentage of kills by you in the entire game.
 C = Kills by friends in this place as a percentage of kills by friends in the entire game.
 D = Other kills in this place as a percentage of other kills in the entire game.
 E = Experience gained in this place as a percentage of experience gained in the entire game.
 F = Experience gained in this place divided by the number of levels of this place that you have seen.
                   A       B       C       D       E      F
               +-------+-------+-------+-------+-------+----------------------
         Total | 100.0 | 100.0 |   N/A |   N/A | 100.0 |  31.4
       Dungeon | 100.0 | 100.0 |   N/A |   N/A | 100.0 |  39.2
               +-------+-------+-------+-------+-------+----------------------

Table legend: (Time is in decaauts)
 A = Elapsed time spent in this place.
 B = Non-inter-level travel time spent in this place.
 C = Inter-level travel time spent in this place.
 D = Time resting spent in this place.
 E = Time spent auto-exploring this place.
 F = Levels seen in this place.
 G = Mean time per level.
                   A        B        C        D        E       F      G
               +--------+--------+--------+--------+--------+-----+--------+
         Total |   4200 |   4092 |    108 |    850 |   2848 |   5 |  840.0 |
       Dungeon |   3984 |   3904 |     80 |    850 |   2684 |   4 |  996.0 |
        Temple |    215 |    187 |     28 |      0 |    164 |   1 |  215.0 |
               +--------+--------+--------+--------+--------+-----+--------+

Top non-repeatable levels by time:
     D:1: 1412 daAuts
     D:2: 1151 daAuts
     D:3: 934 daAuts
     D:4: 485 daAuts
  Temple: 215 daAuts
